 Dungeon Crawl Stone Soup version 0.24-a0-232-g49d9ff8 (webtiles) character file.

Game seed: 17915326257084946308

38 Ijustatesigmund the Skirmisher (level 3, 0/26 HPs)
             Began as an Octopode Fighter on Apr 4, 2019.
             Slain by a hobgoblin
             ... wielding a +0 club
              (5 damage)
             ... on level 1 of the Dungeon.
             The game lasted 00:01:21 (740 turns).

Ijustatesigmund the Skirmisher (Octopode Fighter)    Turns: 740, Time: 00:01:22

Health: 0/26       AC:  1    Str: 20    XL:     3   Next: 43%
Magic:  3/3        EV: 12    Int: 10    God:
Gold:   16         SH:  9    Dex: 12    Spells: 2/2 levels left

rFire    . . .     SeeInvis .   a - +0 war axe
rCold    . . .     Gourm    .   b - +0 shield
rNeg     . . .     Faith    .   (helmet restricted)
rPois    .         Spirit   .   (no amulet)
rElec    .         Reflect  .   (no ring)
rCorr    .         Harm     .   (no ring)
MR       .....                  (no ring)
Stlth    ++........             (no ring)
HPRegen  0.08/turn              (no ring)
MPRegen  0.08/turn              (no ring)
                                (no ring)
                                (no ring)

@: mighty
A: almost no armour, stealthy swim, amphibious, 8 rings, constrict 8, camouflage
1, gelatinous body 1
a: no special abilities


You were on level 1 of the Dungeon.
You were not hungry.

You visited 1 branch of the dungeon, and saw 1 of its levels.

You collected 16 gold pieces.

Inventory:

Hand Weapons
 a - a +0 war axe (weapon)
Armour
 b - a +0 shield (worn)
Jewellery
 g - an uncursed ring of resist corrosion {unknown}
Scrolls
 e - a scroll of enchant armour {unknown}
 f - 3 scrolls of identify {unknown}
Comestibles
 d - 4 rations


   Skills:
 + Level 3.3 Fighting
 * Level 2.8 Axes
 + Level 3.2 Dodging
 + Level 3.3 Shields


You had 2 spell levels left.
You didn't know any spells.
Your spell library was empty.

Dungeon Overview and Level Annotations

Branches:
Dungeon (1/15)

Altars:


Innate Abilities, Weirdness & Mutations

You cannot wear most types of armour.
You are very stealthy in the water. (Stealth+)
You are amphibious.
You can wear up to eight rings at the same time.
You can use your tentacles to constrict eight enemies at once.
Your skin changes colour to match your surroundings (Stealth+).
Your rubbery body absorbs attacks. (AC +1, EV +1)


Message History

You kill the goblin!
You slash the dart slug! You grab the dart slug. You squeeze the dart slug.
You kill the dart slug!
You block the kobold's attack.
You miss the kobold. You grab the kobold. You constrict the kobold.
The kobold closely misses you.
You slice the kobold!!
You kill the kobold!
You barely miss the hobgoblin.
The hobgoblin shouts!
Your grab misses the hobgoblin. Your squeeze misses the hobgoblin.
The hobgoblin barely misses you.
You slash the hobgoblin!
You kill the hobgoblin!
Items here: ))) † a +0 dagger x2; a +0 club; a dart slug corpse You block the hobgoblin's attack.
Your shield prevents you from hitting the hobgoblin.
Your grab misses the hobgoblin. The hobgoblin hits you with a +0 club.
You die...

...... #...####.#....####
.....). #......#..>.#...
....... ######..........
....... #.#....#...
....... #.######...
.....#.##### #.(((..)...
.......)...#
#######.......
#...†.(..###.............
#......g@)...############
#........##### #
#.......%# # #........# #
########## # # #


You could see a hobgoblin.

Vanquished Creatures
  An ooze (D:1)
  2 dart slugs (D:1)
  A giant cockroach (D:1)
  4 goblins (D:1)
  6 hobgoblins (D:1)
  4 jackals (D:1)
  5 kobolds (D:1)
  A bat (D:1)
24 creatures vanquished.

Notes
Turn   | Place    | Note
-------+----------+-------------------------------------------
     0 | D:1      | Ijustatesigmund the Octopode Fighter began the quest for
                  | the Orb.
     0 | D:1      | Reached XP level 1. HP: 16/16 MP: 1/1
    98 | D:1      | Reached XP level 2. HP: 15/21 MP: 2/2
   716 | D:1      | Reached XP level 3. HP: 15/26 MP: 3/3
   740 | D:1      | Slain by a hobgoblin

Levels and vault maps discovered:
D:1:      dpeg_arrival_snail, layout_rooms

Action                   || total
-------------------------++-------
Melee: War axe           ||    48
       Constrict         ||    11
       Tentacles         ||     7
  Use: Potion            ||     1
 Stab: Sleeping          ||     1
Armor: Skin              ||    11
Dodge: Dodged            ||    21
Block: Shield            ||    20

Table legend:
 A = Non-vault XP
 B = Vault XP
 C = Vault XP percentage of total XP
 D = Non-vault monster count
 E = Vault monster count
 F = Vault count percentage of total count
                 A         B        C        D         E       F
            +---------+---------+-------+---------+---------+-------
      Total |      55 |       0 |   0.0 |      24 |       0 |   0.0
            +---------+---------+-------+---------+---------+-------
        D:1 |      55 |       0 |   0.0 |      24 |       0 |   0.0
            +---------+---------+-------+---------+---------+-------
